 Dungeon Crawl Stone Soup version 0.26.0-18-gc5c842f807 (webtiles) character file.

Game seed: 4322250593244228223

27 kaeus the Firebug (level 3, -1/19 HPs)
             Began as a Gargoyle Fire Elementalist on Jan 23, 2021.
             Slain by a worker ant (5 damage)
             ... on level 2 of the Dungeon.
             The game lasted 00:01:05 (1153 turns).

kaeus the Firebug (Gargoyle Fire Elementalist)      Turns: 1153, Time: 00:01:05

Health: -1/19      AC:  5    Str: 11    XL:     3   Next: 10%
Magic:  0/6        EV: 12    Int: 16    God:
Gold:   22         SH:  0    Dex: 10    Spells: 5/6 levels left

rFire    . . .     SeeInvis .   h - +0 dagger
rCold    . . .     Faith    .   (no shield)
rNeg     + . .     Spirit   .   a - +0 robe
rPois    ∞         Reflect  .   (no helmet)
rElec    +         Harm     .   (no cloak)
rCorr    .         Rampage  .   (no gloves)
Will     .....                  (no boots)
Stlth    +.........             (no amulet)
HPRegen  0.06/turn              e - ring of attention (curse)
MPRegen  0.10/turn              (no ring)

@: no status effects
A: negative energy resistance 1, electricity resistance, unbreathing,
petrification resistance, miasma immunity, AC +3
a: no special abilities


You were on level 2 of the Dungeon.
You visited 1 branch of the dungeon, and saw 2 of its levels.

You collected 22 gold pieces.

Inventory:

Hand Weapons
 h - a +0 dagger (weapon)
Armour
 a - a +0 robe (worn)
Jewellery
 e - a cursed ring of attention (left hand)
Scrolls
 b - a scroll of identify
Potions
 c - a potion of attraction {unknown}
 d - a potion of degeneration {unknown}
 g - a potion of ambrosia


   Skills:
 - Level 1.5 Dodging
 - Level 2.1 Stealth
 + Level 2.3 Spellcasting
 + Level 1.8 Conjurations
 * Level 3.6 Fire Magic


You had 5 spell levels left.
You knew the following spells:

 Your Spells              Type           Power        Failure   Level
a - Foxfire               Conj/Fire      40%          7%          1

Your spell library contained the following spells:

 Spells                   Type           Power        Failure   Level
 Conjure Flame            Conj/Fire      10%          21%         3
 Inner Flame              Hex/Fire       7%           28%         3
 Sticky Flame             Conj/Fire      10%          54%         4
 Fireball                 Conj/Fire      5%           88%         5


Dungeon Overview and Level Annotations

Branches:
Dungeon (2/15)

Altars:


Innate Abilities, Weirdness & Mutations

You are resistant to torment.
Your stone body is resilient. (AC +3)
You are immune to poison.
You resist negative energy. (rN+)
You are resistant to electric shocks. (rElec)
You can survive without breathing.
You are immune to petrification.
You are immune to miasma.


Message History

The worker ant bites you but does no damage.
Casting: Foxfire (safe; 7% risk of failure)
Confirm with . or Enter, or press ? or * to list all spells.
You don't have enough magic to cast that spell.
You hit the worker ant.
The worker ant is almost dead.
The worker ant bites you.
* * * LOW HITPOINT WARNING * * *
The worker ant closely misses you.
You take 6 damage, and have 4/19 hp.
MASSIVE DAMAGE!!
You hit the worker ant but do no damage.
The worker ant is almost dead.
The worker ant closely misses you.
You hit the worker ant but do no damage.
The worker ant is almost dead.
The worker ant closely misses you.
You closely miss the worker ant.
The worker ant is almost dead.
The worker ant bites you.
You die...

####.# #.## .^.#.#
##... ..#.# ....
..#.#.#
###..######.#.#.#
##....#....#.#.#.#
.....#.##.#.#.#.#
###.#.†#.#......#.#
#.....@....<#.#.#†#
#.#.#B#######.#.#.#
... ..#...# ###.
####.### .. #.# #.
#.# #. #.# #. #.#
#<#


You could see a worker ant.

Vanquished Creatures
  A worm (D:2)
  2 leopard geckos (D:1)
  2 bats (D:1)
  2 giant cockroaches (D:1)
  4 goblins
  3 hobgoblins (D:1)
  2 kobolds (D:1)
  2 frilled lizards (D:1)
  A rat (D:2)
19 creatures vanquished.

Vanquished Creatures (others)
  57 foxfires
57 creatures vanquished.

Grand Total: 76 creatures vanquished

Notes
Turn   | Place    | Note
-------+----------+-------------------------------------------
     0 | D:1      | kaeus the Gargoyle Fire Elementalist began the quest for
                  | the Orb.
     0 | D:1      | Reached XP level 1. HP: 10/10 MP: 3/3
   270 | D:1      | Reached XP level 2. HP: 9/15 MP: 1/5
  1081 | D:2      | Reached XP level 3. HP: 19/19 MP: 2/6
  1153 | D:2      | Slain by a worker ant

Illustrated notes

Levels and vault maps discovered:
D:1:      eino_arrival_cavern_a, layout_basic
D:2:      layout_basic, minmay_overflow_temple_star_hex

Action                   || total
-------------------------++-------
Melee: Club              ||    10
       Unarmed           ||     7
       Dagger            ||    23
 Cast: Foxfire           ||    48
  Use: Scroll            ||     1
Armor: Robe              ||    11
Dodge: Dodged            ||    24
